AoeStats
← animaniacs2

African Clearing

510916659Analyzed
4v4 RM · 12h ago on Oct 3, 2026· 53m 49s· 8 players
Game mode
Random Map
Map size
Large (8 player)
Population
200
Speed
Normal
Resources
Standard
Victory
Conquest
Starting age
Dark Age
Ending age
Imperial Age
RankedLock teamsTeams togetherTeam positionsShared explorationLock speedFull tech treeHidden civsTurbo modeCheats
Victory
Defeat
🇭🇰 Poles · Hong Kong SAR China
1059
+15
🇧🇷 Varangians · Brazil
1043
+16
🇨🇳 Mongols · China
1033
+16
🇲🇽 Saracens · Mexico
1021
+17
🇺🇸 Huns · United States
1086
-18
🇺🇸 Koreans · United States
1048
-16
🇩🇴 Saxons · Dominican Republic
1034
-16
🇺🇸 Hindustanis · United States
991
-14
animaniacs2
7:29 Loom
12:41 Feudal Age
13:21 Double-Bit Axe
18:28 Castle Age
18:13 Town Watch
18:22 Stone Mining
21:33 Town Watch
21:51 Fletching
28:21 Wheelbarrow
32:29 Forging
34:30 Bodkin Arrow
35:44 Murder Holes
38:01 Masonry
37:45 Gold Mining
41:42 Imperial Age
39:32 Husbandry
39:46 Horse Collar
41:10 Scale Barding Armor
41:05 Scale Mail Armor
43:14 Conscription
43:46 Bimaristan
44:40 Heavy Plow
44:55 Bloodlines
45:17 Fervor
44:29 Elite Mameluke
46:40 Padded Archer Armor
47:16 Iron Casting
47:54 Hand Cart
49:30 Chain Barding Armor
49:43 Town Patrol
50:52 Plate Barding Armor
51:07 Siege Engineers
51:22 Ballistics
53:00 Blast Furnace
52:01 Bracer
54:49 Chemistry
HeLL ArMY
15:52 Feudal Age
17:35 Loom
22:13 Castle Age
21:26 Bloodlines
27:27 Scale Barding Armor
29:09 Husbandry
29:31 Chain Barding Armor
30:38 Forging
32:01 Pikeman
34:52 Double-Bit Axe
36:43 Squires
38:18 Horse Collar
41:34 Imperial Age
38:29 Light Cavalry
39:18 Arson
39:37 Scale Mail Armor
40:12 Iron Casting
39:29 Fletching
41:27 Ballistics
40:48 Treadmill Crane
41:36 Szlachta Privileges
41:27 Gold Mining
42:39 Conscription
43:29 Blast Furnace
42:44 Chain Mail Armor
41:53 Cavalier
43:36 Heavy Plow
44:45 Stone Mining
46:58 Plate Mail Armor
48:18 Winged Hussar
50:13 Bow Saw
开局一片田
12:41 Loom
15:04 Feudal Age
16:01 Double-Bit Axe
16:08 Fishing Lines
19:07 Castle Age
17:27 Stone Mining
20:29 Bow Saw
20:16 Fletching
20:26 Padded Archer Armor
20:20 Gold Mining
20:28 Gillnets
21:40 Bodkin Arrow
26:59 Horse Collar
29:05 Heavy Plow
33:36 Wheelbarrow
34:15 Gold Shaft Mining
34:16 Stone Shaft Mining
37:40 Imperial Age
37:01 Hand Cart
38:28 Leather Archer Armor
38:52 Town Watch
40:21 Conscription
49:22 Bracer
50:26 Chemistry
51:07 Ballistics
50:53 Town Patrol
53:14 Elite Mangudai
54:18 Drill
54:38 Bloodlines
54:28 Husbandry
kaisermaster
9:49 Loom
17:01 Feudal Age
24:21 Castle Age
25:36 Bloodlines
31:42 Double-Bit Axe
34:01 Castle Age
33:12 Wheelbarrow
33:50 Horse Collar
34:06 Stone Mining
35:49 Bow Saw
40:13 Bow Saw
41:24 Husbandry
42:13 Scale Barding Armor
42:19 Forging
42:26 Vendel Legacy
49:10 Heavy Plow
50:28 Iron Casting
50:37 Chain Barding Armor
53:14 Gold Mining
NY-Radamantiz
3:08 Loom
14:28 Feudal Age
18:34 Castle Age
18:04 Double-Bit Axe
18:03 Horse Collar
19:42 Bow Saw
21:30 Heavy Plow
22:16 Town Watch
29:11 Fletching
31:04 Bodkin Arrow
42:20 Imperial Age
43:23 Bracer
45:14 Chemistry
44:36 Ballistics
NY-HENRY
4:27 Loom
14:49 Feudal Age
19:46 Castle Age
27:58 Horse Collar
28:48 Scale Mail Armor
29:49 Forging
39:12 Chain Mail Armor
45:18 Scale Barding Armor
46:53 Iron Casting
51:06 Bloodlines
51:30 Husbandry
NY-judyelpesao
3:20 Loom
17:42 Feudal Age
25:50 Double-Bit Axe
25:50 Horse Collar
28:26 Castle Age
27:15 Bloodlines
29:33 Husbandry
31:53 Scale Barding Armor
33:29 Wheelbarrow
38:39 Chain Barding Armor
39:12 Hand Cart
40:48 Forging
43:12 Iron Casting
45:32 Scale Mail Armor
44:55 Pikeman
46:00 Bow Saw
46:43 Squires
47:03 Chain Mail Armor
46:40 Fletching
adriel.fe1123
3:48 Loom
14:41 Feudal Age
22:00 Castle Age
20:24 Fletching
22:02 Padded Archer Armor
23:36 Bodkin Arrow
33:06 Leather Archer Armor
Connection lost

Rejoining the realm…

Still unreachable

The connection could not be restored.

Session expired

The server has moved on; the page needs a fresh start.